 Dungeon Crawl Stone Soup version 0.18-a0-19-g8b99b3a (webtiles) character file.

39 tp1 the Magician (level 3, -13/19 HPs)
             Began as a Deep Elf Fire Elementalist on Nov 1, 2015.
             Killed by a distortion unwield (32 damage)
             ... on level 1 of the Dungeon.
             The game lasted 00:04:38 (1023 turns).

tp1 the Magician (Deep Elf Fire Elementalist)       Turns: 1023, Time: 00:04:38

Health: -13/19     AC:  3    Str:  5    XL:     3   Next: 26%
Magic:  11/11      EV: 13    Int: 20    God:
Gold:   10         SH:  0    Dex: 15    Spells: 3 memorised, 5 levels left

rFire  . . .     SeeInvis .     (no weapon)
rCold  . . .     Clarity  .     a - +0 robe
rNeg   . . .     SustAt   .     (no shield)
rPois  .         Gourm    .     m - +0 helmet
rElec  .         Spirit   .     (no cloak)
rCorr  .         Warding  .     (no gloves)
rMut   .         Stasis   .     (no boots)
MR     .....                    (no amulet)
Stlth  ++........               (no ring)
                                (no ring)

@: not resistant to hostile enchantments, unstealthy
A: no striking features
a: no special abilities


You were on level 1 of the Dungeon.
You were not hungry.

You visited 1 branch of the dungeon, and saw 1 of its levels.

You collected 10 gold pieces.

Inventory:

Hand Weapons
 g - a +2 dagger of protection
 k - a +0 short sword of distortion
Armour
 a - a +0 robe (worn)
 m - a +0 helmet (worn)
Jewellery
 e - an uncursed ring of poison resistance {unknown}
Scrolls
 f - a scroll of enchant armour {unknown}
 h - 2 scrolls of identify
Potions
 l - a potion of curing
Books
 b - a book of Flames

   Spells                             Type                      Level
   a - Flame Tongue                   Conjuration/Fire             1
   b - Throw Flame                    Conjuration/Fire             2
   c - Conjure Flame                  Conjuration/Fire             3
   d - Inner Flame                    Hexes/Fire                   3
   e - Sticky Flame                   Conjuration/Fire             4
   f - Fireball                       Conjuration/Fire             5
Comestibles
 c - a bread ration
 d - a royal jelly


   Skills:
 - Level 2.4 Dodging
 - Level 2.4 Stealth
 + Level 5.1 Spellcasting
 - Level 1.1 Conjurations
 - Level 3.2 Fire Magic


You had 5 spell levels left.
You knew the following spells:

 Your Spells              Type           Power        Failure   Level  Hunger
a - Flame Tongue          Conj/Fire      ##...        6%          1    None
b - Conjure Flame         Conj/Fire      ##......     17%         3    ##.....
c - Inner Flame           Hex/Fire       ##......     21%         3    ##.....


Dungeon Overview and Level Annotations

Branches:
Dungeon (1/15)

Altars:


Message History

Moving in this stuff is going to be slow.
Some of the chunks of flesh in your inventory have rotted away.
Some of the chunks of flesh in your inventory have rotted away.
There is an escape hatch in the floor here.
All of the chunks of flesh in your inventory have rotted away.
f - a scroll labeled VASUMA ERPHAHAICLO
There is an escape hatch in the floor here.
Found a glowing dagger.
Done exploring.
You see here a glowing dagger.
g - a glowing dagger Wear which item? (? for menu, Esc to quit)
You can't wear that.
Wield which item (- for none, * to show all)? (? for menu, Esc to quit)
Really unwield
k - a +0 short sword of distortion?
Uppercase [Y]es or [N]o only, please.
Really unwield
k - a +0 short sword of distortion?
You are crushed and pinned by an extremely strong localised spatial distortion!
Ouch! That really hurt!
You die...

#...#.# # ###.#.# #
###.# # #...# ##
#.### ####.
#########...###....
#............##....
#.........##.##....
#.@......###.##....
#........+......##.
#........####...##.
##.................
#....#######...###
#....# #...# ######
#...# #...# #####


There were no monsters in sight!

Vanquished Creatures
  A gnoll (D:1)
  A worm (D:1)
  3 goblins (D:1)
  4 hobgoblins (D:1)
  4 jackals (D:1)
  2 bats (D:1)
  2 giant newts (D:1)
  7 kobolds (D:1)
  2 rats (D:1)
26 creatures vanquished.

Vanquished Creatures (others)
  5 toadstools (D:1)
5 creatures vanquished.

Grand Total: 31 creatures vanquished

Notes
Turn   | Place    | Note
--------------------------------------------------------------
     0 | D:1      | tp1 the Deep Elf Fire Elementalist began the quest for the Orb.
     0 | D:1      | Reached XP level 1. HP: 10/10 MP: 6/6
   207 | D:1      | Reached skill level 4 in Spellcasting
   207 | D:1      | Reached XP level 2. HP: 13/15 MP: 0/9
   502 | D:1      | Reached XP level 3. HP: 11/19 MP: 11/11
   507 | D:1      | Learned a level 3 spell: Conjure Flame
   512 | D:1      | Learned a level 3 spell: Inner Flame
   671 | D:1      | Reached skill level 5 in Spellcasting
  1023 | D:1      | Killed by a distortion unwield

Vault maps used:
D:1:      ldierk_walled_garden

Action                   || total
-------------------------++-------
Melee: Short sword       ||    20
       Unarmed           ||     5
 Cast: Flame Tongue      ||    27
  Use: Scroll            ||     5
